 Dungeon Crawl Stone Soup version 0.30.1 (webtiles) character file.

Game seed: 5300420607272943063

349 AgateBread the Trooper (level 6, 0/38 HPs)
             Began as a Gargoyle Transmuter on July 7, 2023.
             Killed by nerve-wracking pain
             ... invoked by an orc priest
              (3 damage)
             ... on level 3 of the Dungeon.
             The game lasted 00:11:41 (3057 turns).

AgateBread the Trooper (Gargoyle Transmuter)        Turns: 3057, Time: 00:11:43

Health: 0/38       AC: 10    Str: 10 (13) XL:     6   Next: 60%
Magic:  19/20      EV: 11    Int: 14 (16) God:
Gold:   160        SH:  0    Dex:  8 (10) Spells: 2/12 levels left

rFire   . . .        e - +2 whip (drain)
rCold   . . .        (no shield)
rNeg    + . .        a - +0 robe
rPois   ∞            (helmet currently unavailable)
rElec   +            r - +0 cloak
rCorr   .            h - +2 pair of gloves
SInv    .            d - melded +1 pair of boots
Will    .....        (no amulet)
Stlth   +            j - ring of magical power
HPRegen 0.26/turn    (no ring)
MPRegen 0.17/turn

%: no passive effects
@: appendages
A: horns 2, talons 2, sickness immunity, AC +4, negative energy resistance 1,
electricity resistance, torment resistance 1, petrification resistance
a: End Transformation


You were on level 3 of the Dungeon.
You had temporarily grown beastly horns and talons.
You visited 1 branch of the dungeon, and saw 3 of its levels.

You collected 160 gold pieces.

Inventory:

Hand Weapons
 e - a +2 whip of draining (weapon)
Missiles
 c - 2 poisoned darts
Armour
 a - a +0 robe (worn)
 d - a +1 pair of boots (melded)
 h - a +2 pair of gloves (worn)
 i - a +0 hat
 l - a +0 ring mail
 p - a +3 ring mail
 r - a +0 cloak (worn)
Jewellery
 j - a ring of magical power (left hand)
 k - an amulet of guardian spirit
Scrolls
 f - 3 scrolls of enchant weapon {unknown}
 g - a scroll of vulnerability {unknown}
 m - 2 scrolls of identify {unknown}
 n - a scroll of amnesia {unknown}
 t - a scroll of fog {unknown}
Potions
 b - 2 potions of lignification
 q - a potion of degeneration
 s - a potion of brilliance {unknown}


   Skills:
 + Level 4.1 Fighting
 - Level 1.5 Dodging
 - Level 3.5 Unarmed Combat
 + Level 3.9 Spellcasting
 - Level 2.8 Transmutations
 + Level 0.5 Fire Magic
 + Level 0.5 Poison Magic


You had 2 spell levels left.
You knew the following spells:

 Your Spells              Type           Power      Damage    Failure   Level
a - Beastly Appendage     Tmut           20%        N/A       6%          1
b - Wereblood             Tmut           10%        N/A       10%         2
c - Ignite Poison         Fire/Tmut/Pois 6%         N/A       34%         3
d - Olgreb's Toxic Radia  Pois           4%         N/A       83%         4

Your spell library contained the following spells:

 Spells                   Type           Power      Damage    Failure   Level
 Spider Form              Tmut/Pois      7%         N/A       28%         3
 Ice Form                 Ice/Tmut       6%         N/A       73%         4
 Petrify                  Tmut/Erth      6%         N/A       73%         4
 Sticky Flame             Conj/Fire      3%         2d3       86%         4
 Irradiate                Conj/Tmut      3%         3d12      97%         5
 Discord                  Hex            1%         N/A       100%        8
 Ignition                 Fire           2%         3d3       100%        8
 Sublimation of Blood     Necr           Unusable   N/A       N/A         2

Dungeon Overview and Level Annotations

Branches:
Dungeon (3/15)

Altars:
Fedhas


Innate Abilities, Weirdness & Mutations

You have temporarily grown beastly horns and talons.
You are immune to sickness and miasma.
Your stone body is resilient. (AC +4)
You are immune to poison.
You resist negative energy. (rN+)
You are resistant to electric shocks. (rElec)
You are resistant to unholy torment.
You are immune to petrification.


Message History

Items here: )) [[ ††.
You hit the orc but do no damage. You drain the orc. Your punch misses the orc.
The orc is moderately wounded.
The orc priest hits you but does no damage.
The orc hits you but does no damage.
You barely miss the orc.
The orc is moderately wounded.
The orc priest hits you from afar with a +0 trident.
The orc misses you.
You hit the orc.
The orc is heavily wounded.
Your primal bloodlust has ended.
The orc priest calls upon Beogh to heal the orc.
The orc's wounds heal themselves!
The orc closely misses you.
You closely miss the orc.
The orc priest mumbles some strange prayers to Beogh against you.
Beogh smites you! The orc hits you with a +0 trident.
You barely miss the orc.
The orc priest mumbles some strange prayers to Beogh against you.
Beogh smites you!
* * * LOW HITPOINT WARNING * * *
The orc hits you but does no damage.
You hit the orc.
The orc is lightly wounded.
The orc priest hits you but does no damage.
The orc barely misses you.
Okay, then.
Casting: Beastly Appendage (safe; 6% risk of failure)
Press: ? - help, Q - select action, (/) - cycle Dir - look around, f - activate You grow a pair of large bovine horns.
Your feet morph into talons.
Your +1 pair of boots melds into your body.
The orc priest hits you but does no damage.
The orc closely misses you.
You hit the orc.
You kill the orc!
The orc priest hits you from afar with a +0 trident!
* * * LOW HITPOINT WARNING * * *
The orc priest mumbles some strange prayers to Beogh against you.
Pain shoots through your body!
You die...

#.############## #.#
#...
#######..†...........#
#.#####..#
.........###########.#
#........# .####.####
.# #######..# .#....#
### ##.### #..#
...#..# #.) ..... #..#
##..{.# #.# ... ...#
##.#.# #.####.## ...#
#{#.#######.o)@)..#
##.#
#.#..o....#.####..# .#
#o#######.....# .....
#.# #.#.#.# ...#[#
#o.............../.# #
#..######.#.#.##...$
#... #............
#.... ....####.#####
...... ###.# #


You could see an orc priest.

Vanquished Creatures
  Sigmund (D:2)
  Crazy Yiuf (D:2)
  2 orc wizards (D:3)
  2 gnolls (D:1)
  3 adders
  2 dart slugs
  2 orcs (D:3)
  3 ball pythons (D:2)
  7 endoplasms
  3 giant cockroaches
  6 goblins
  A hobgoblin (D:1)
  7 jackals
  5 kobolds
  2 quokkas
  2 bats (D:1)
  4 frilled lizards
  7 rats
60 creatures vanquished.

Notes
Turn   | Place    | Note
-------+----------+-------------------------------------------
     0 | D:1      | AgateBread the Gargoyle Transmuter began the quest for the
                  | Orb.
     0 | D:1      | Reached XP level 1. HP: 12/12 MP: 3/3
   267 | D:1      | Reached XP level 2. HP: 7/16 MP: 3/5
   709 | D:1      | Reached skill level 2 in Fighting
   709 | D:1      | Reached XP level 3. HP: 4/21 MP: 6/6
  1559 | D:2      | Learned a level 2 spell: Wereblood
  1569 | D:2      | Reached XP level 4. HP: 27/27 MP: 8/8
  1691 | D:2      | Noticed Sigmund
  2039 | D:2      | Killed Sigmund
  2040 | D:2      | Reached skill level 3 in Fighting
  2040 | D:2      | Reached XP level 5. HP: 16/33 MP: 10/10
  2040 | D:2      | Reached XP level 6. HP: 19/38 MP: 11/11
  2164 | D:2      | Found a blossoming altar of Fedhas.
  2495 | D:2      | Found a runed translucent door.
  2496 | D:2      | Noticed Crazy Yiuf
  2503 | D:2      | Killed Crazy Yiuf
  2575 | D:3      | Found a faded altar of an unknown god.
  2798 | D:3      | Learned a level 3 spell: Ignite Poison
  2803 | D:3      | Learned a level 4 spell: Olgreb's Toxic Radiance
  3046 | D:3      | Reached skill level 4 in Fighting
  3057 | D:3      | Killed from afar by an orc priest

Illustrated notes

Levels and vault maps discovered:
D:1:      lightli_arrival_isolated_outpost, layout_basic
D:2:      layout_basic, basic_altar, wander_ebering_terrifying_dragon_lair,
          uniq_sigmund, uniq_crazy_yiuf_cottage
D:3:      layout_loops_ring, old_standard_altar, ebering_ecumenical_altar_box

Skill      XL: |  1  2  3  4  5  6 |
---------------+-------------------+-----
Fighting       | 2 3 4 |  4.1
Spellcasting   | 3 |  3.9
Transmutations | 2 |  2.8
Dodging        | |  1.5
Unarmed Combat | |  3.5
Fire Magic     | |  0.5
Poison Magic   | |  0.5

Action                     |  1- 3 |  4- 6 || total
---------------------------+-------+-------++-------
  Melee: Unarmed           |    26 |       ||    26
         Punch             |     3 |     2 ||     5
         Headbutt          |     1 |     2 ||     3
         Whip              |    52 |   147 ||   199
         Kick              |     2 |     4 ||     6
   Cast: Beastly Appendage |     3 |     9 ||    12
         Wereblood         |       |     3 ||     3
    Use: Potion            |       |     2 ||     2
   Stab: Sleeping          |       |     1 ||     1
 Armour: Robe              |    26 |    86 ||   112
  Dodge: Dodged            |    43 |    95 ||   138
